 Dungeon Crawl Stone Soup version 0.19.5 (webtiles) character file.

172953 theElss the Devastator (level 17, -11/100 HPs)
             Began as a Deep Elf Conjurer on Apr 26, 2017.
             Was the Champion of Vehumet.
             Killed by the raging water
             ... invoked by a water nymph
              (16 damage)
             ... on level 3 of the Shoals.
             The game lasted 03:25:41 (46322 turns).

theElss the Devastator (Deep Elf Conjurer)         Turns: 46322, Time: 03:25:42

Health: -11/100    AC: 15    Str:  6    XL:     17   Next: 42%
Magic:  24/42      EV: 17    Int: 29    God:    Vehumet [******]
Gold:   1279       SH:  9    Dex: 19    Spells: 11 memorised, 10 levels left

rFire  + . .     SeeInvis .     y - +0 dagger (venom)
rCold  + . .     Gourm    .     z - +2 leather armour {rC+}
rNeg   . . .     Faith    .     a - +0 buckler
rPois  .         Spirit   .     h - +2 hat
rElec  +         Reflect  +     K - +2 cloak
rCorr  .         Harm     .     H - +0 pair of gloves
MR     +....                    M - +2 pair of boots of the Planets {rElec Int+2}
Stlth  ++........               J - +3 amulet of reflection
                                L - ring of protection from fire
                                X - +4 ring of dexterity

@: very slightly contaminated, delayed fireball
A: no striking features
a: Renounce Religion, Release Delayed Fireball


You were on level 3 of the Shoals.
You worshipped Vehumet.
Vehumet was exalted by your worship.
You were not hungry.

You visited 4 branches of the dungeon, and saw 26 of its levels.
You visited the Abyss 1 time.
You also visited: Ice Cave.

You collected 2762 gold pieces.
You spent 1483 gold pieces at shops.

Inventory:

Hand Weapons
 y - a +0 dagger of venom (weapon)
 U - the +7 great sword of Dishonour {slice, rC+ MR++}
   (You found it on level 12 of the Dungeon)

   It inflicts extra damage upon your enemies.
   It protects you from cold.
   It affects your resistance to hostile enchantments.
Armour
 a - a +0 buckler (worn)
 h - a +2 hat (worn)
 z - a +2 leather armour of cold resistance (worn)
 H - a +0 pair of gloves (worn)
 K - a +2 cloak (worn)
 M - the +2 pair of boots of the Planets (worn) {rElec Int+2}
   (You found it in an ice cave)

   It affects your intelligence (+2).
   It insulates you from electricity.
Jewellery
 b - a +3 ring of protection
 k - a +4 ring of dexterity
 x - an uncursed amulet of harm
 A - an uncursed ring of magical power {unknown}
 J - a +3 amulet of reflection (around neck)
 L - a ring of protection from fire (right hand)
 X - a +4 ring of dexterity (left hand)
Wands
 u - a wand of disintegration (9/24)
 v - a wand of disintegration (13/24)
 I - a wand of teleportation (3/9)
Scrolls
 l - 14 scrolls of remove curse
 n - 5 scrolls of identify
 r - a scroll of silence
 t - 5 scrolls of fog
 w - 4 scrolls of fear
 B - 8 scrolls of teleportation
 C - 2 scrolls of magic mapping
 P - 5 scrolls of blinking
 Z - 3 scrolls of holy word
Potions
 d - a potion of heal wounds
 j - 8 potions of curing
 m - 2 potions of haste
 p - 2 potions of agility
 D - a potion of brilliance
 E - 2 potions of resistance
 F - a potion of berserk rage
 G - a potion of invisibility
Books
 e - a book of Alchemy

   Spells                             Type                      Level
   a - Sublimation of Blood           Necromancy                   2
   b - Ignite Poison                  Fire/Transmutation/Poison    3
   c - Petrify                        Transmutation/Earth          4
   d - Alistair's Intoxication        Transmutation/Poison         5
   e - Irradiate                      Conjuration/Transmutation    5
 o - a book of Battle

   Spells                             Type                      Level
   a - Infusion                       Charms                       1
   b - Shroud of Golubria             Charms/Translocation         2
   c - Song of Slaying                Charms                       2
   d - Spectral Weapon                Hexes/Charms                 3
   e - Regeneration                   Charms/Necromancy            3
Miscellaneous
 Q - a phial of floods
Comestibles
 c - 7 bread rations
 f - a beef jerky
 g - 15 meat rations
 i - a slice of pizza
 q - 2 fruits


   Skills:
 - Level 9.0 Fighting
 - Level 4.0 Armour
 - Level 8.0 Dodging
 - Level 5.0 Stealth
 - Level 6.0 Shields
 - Level 19.0 Spellcasting
 + Level 20.7 Conjurations
 + Level 13.6 Fire Magic


You had 10 spell levels left.
You knew the following spells:

 Your Spells              Type           Power        Failure   Level  Hunger
a - Magic Dart            Conj           ####         0%          1    None
b - Iskenderun's Battles  Conj/Chrm      ######..     1%          5    None
c - Searing Ray           Conj           ######       0%          2    None
d - Iskenderun's Mystic   Conj           #######.     0%          4    None
e - Inner Flame           Hex/Fire       ######..     1%          3    None
f - Fulminant Prism       Conj/Hex       ######....   1%          4    None
g - Sticky Flame          Conj/Fire      #######.     1%          4    None
h - Iron Shot             Conj/Erth      ######....   1%          6    None
i - Bolt of Magma         Conj/Fire/Erth #######...   1%          5    None
j - Mephitic Cloud        Conj/Pois/Air  ######..     1%          3    None
k - Delayed Fireball      Conj/Fire      N/A          1%          7    ####...


Dungeon Overview and Level Annotations

Branches:
Dungeon (15/15)            Temple (0/1) D:6            Lair (6/6) D:10
 Shoals (3/4) Lair:2       Spider (0/4) Lair:4        Slime (0/5) Lair:5
    Orc (2/2) D:12            Elf (0/3) Orc:2        Vaults (0/5) D:13
 Depths (0/5) D:15

Altars:
Ashenzari
Cheibriados
Dithmenos
Gozag
Hepliaklqana
Kikubaaqudgha
Okawaru
Uskayaw
Vehumet
Xom
Yredelemnul
Zin
Beogh
Jiyva

Shops:
D:5 *   D:7 ?   D:13 ?   Orc:1 *   Orc:2 :?[%(   Shoals:2 }(!}

Portals:
Pandemonium: Orc:2

Annotations:
D:8 1 runed door
D:10 exclusion: orange crystal statue


Message History

* * * LOW HITPOINT WARNING * * *
You block the water elemental's attack.
Unknown command.
Blink to where?
Press: ? - help, Dir - move target cursor, p - water elemental Splash!
You are very lightly contaminated with residual magic.
As you read the scroll of blinking, it crumbles to dust.
Casting: Iskenderun's Mystic Blast
Confirm with . or Enter, or press ? or * to list all spells.
Aiming: Bolt of Magma
Press: ? - help, Shift-Dir - straight line Out of range.
Okay, then.
Casting: Bolt of Magma
Confirm with . or Enter, or press ? or * to list all spells.
You conjure a globe of magical energy.
The water nymph casts a spell at you. The water swirls and strikes you!
You die...

≈≈≈≈≈≈≈≈≈≈≈≈≈≈≈≈..≈≈≈≈≈≈....##.
≈≈≈≈≈≈≈≈≈≈≈≈≈≈≈≈≈≈≈≈≈≈≈≈≈...##.
≈≈≈≈≈≈≈≈≈≈≈≈≈≈≈≈≈≈≈≈≈≈≈≈≈≈≈....
≈≈≈≈≈≈≈≈≈≈≈≈≈≈≈≈≈≈≈≈≈≈≈≈≈≈≈≈..≈
≈≈≈≈≈≈≈≈≈≈.##.≈≈≈≈≈≈≈≈≈≈≈≈≈(≈≈≈
≈≈≈≈.≈≈≈≈≈..##≈≈≈≈≈≈≈≈≈≈(≈(≈≈≈≈
≈≈≈≈≈≈≈≈≈≈≈.*≈≈≈≈≈≈≈≈≈≈≈≈≈.≈≈..
≈≈≈≈≈≈≈m≈)≈≈)≈≈≈≈≈≈≈≈≈.....≈≈≈.
≈≈≈≈≈≈≈≈≈≈E(≈)@≈≈≈≈≈≈.#####≈≈≈≈
≈≈≈≈≈≈≈≈≈≈)≈≈≈≈≈≈≈≈≈<## #.≈≈≈
≈≈≈≈≈≈≈≈≈≈≈)))≈≈≈((≈..# #.≈≈≈
≈≈≈≈≈≈≈≈≈≈≈≈)≈≈≈≈≈≈≈≈.# #.≈≈≈
≈≈≈≈≈≈≈≈≈≈≈≈≈≈≈≈≈≈≈≈≈.## ##..≈≈
≈≈≈≈≈≈≈≈≈≈≈≈≈≈≈≈≈≈≈≈≈..###..≈≈≈
≈≈≈≈≈≈≈≈≈≈≈≈≈≈≈≈≈≈≈≈≈≈.....≈≈≈≈
≈≈≈≈≈≈≈≈≈≈≈≈≈≈≈≈≈≈≈≈≈≈≈≈≈......
≈≈≈≈≈≈≈≈≈≈≈≈≈≈≈≈≈≈≈≈≈≈≈≈≈≈....


You could see a water elemental, a water nymph and a friendly battlesphere.

Vanquished Creatures
  Rupert (Orc:2)
  Polyphemus (Shoals:3)
  Frances (Shoals:1)
  2 frost giants
  An orc warlord (Orc:2)
  A stone giant (Orc:1)
  An ettin (D:15)
  A merfolk impaler (Shoals:3)
  Erolcha (Orc:2)
  Josephine (Shoals:1)
  3 vault guards (D:13)
  A rakshasa (D:15)
  8 hydras
  Harold (Lair:1)
  8 catoblepae
  An alligator snapping turtle (Shoals:2)
  4 centaur warriors
  3 merfolk avatars
  6 merfolk aquamancers
  A satyr (Shoals:2)
  26 death yaks
  An ogre mage (D:15)
  An alligator (Lair:5)
  9 orc high priests
  Sonja (D:13)
  Nergalle (Lair:1)
  7 sea snakes
  2 swamp dragons (Lair:5)
  2 unseen horrors
  An infernal demonspawn (Orc:2)
  A gelid demonspawn (Orc:2)
  A torturous demonspawn (Orc:2)
  4 wizards
  9 hill giants
  5 orc knights
  An orb spider (Lair:4)
  10 orc sorcerers
  10 cyclopes
  19 fauns
  A necromancer (D:13)
  6 manticores
  21 ugly things
  A rust devil (Orc:2)
  A salamander (shapeshifter) (D:15)
  2 ice statues
  4 water nymphs (Shoals:1)
  Psyche (D:10)
  5 elephants (Lair:4)
  7 sirens
  6 black mambas
  A smoke demon (Orc:2)
  10 spiny frogs
  A gargoyle (D:14)
  2 rime drakes (Lair:4)
  2 kobold demonologists (D:13)
  2 ice devils (D:14)
  3 komodo dragons
  A hellwing (Orc:2)
  A redback zombie (D:15)
  2 hornets
  2 trolls (D:14)
  A two-headed ogre (D:11)
  15 polar bears (IceCv)
  2 wind drakes
  17 merfolk
  4 snapping turtles
  2 dream sheep (Shoals:1)
  A meliai zombie (D:15)
  26 blink frogs
  3 slime creatures (Lair:5)
  10 hippogriffs
  4 shadows
  Sigmund (D:3)
  A wyvern (Lair:1)
  18 humans (D:13)
  Eustachio (D:4)
  9 wraiths
  56 yaks
  A basilisk (shapeshifter) (D:14)
  10 water elementals
  Grum (D:10)
  3 basilisks
  6 hungry ghosts
  18 vampire mosquitoes
  3 wargs (Orc:2)
  2 swamp worms
  A mottled dragon (D:14)
  3 soldier ants
  17 water moccasins
  6 porcupines
  An eye of draining (D:13)
  43 orc warriors
  2 phantoms (D:8)
  3 sky beasts
  7 ice beasts
  A necrophage (D:12)
  23 wolves
  17 ogres
  9 centaurs
  A crocodile (shapeshifter) (D:13)
  15 crocodiles
  14 bullfrogs
  5 big kobolds
  A wyvern zombie (D:8)
  4 wyvern skeletons
  3 scorpions
  14 killer bees
  18 wights
  3 howler monkeys (D:11)
  An electric eel (Lair:6)
  4 crimson imps
  8 centaur zombies
  2 bullfrog zombies
  A quasit (D:13)
  33 orc priests
  3 bullfrog skeletons
  7 hounds
  5 jellies
  23 orc wizards
  6 centaur skeletons
  Jessica (D:3)
  5 iguanas
  11 worker ants
  A killer bee zombie (D:7)
  3 hound zombies
  11 gnolls
  11 adders
  3 shadow imps
  An ooze (D:1)
  2 adder skeletons
  5 worms
  4 dart slugs
  6 leopard geckos
  96 orcs
  2 ball pythons (D:2)
  7 bats
  5 giant cockroaches
  8 goblins
  9 hobgoblins
  6 jackals
  37 kobolds
  7 quokkas
  4 frilled lizards
  A jackal zombie (D:5)
  A quokka skeleton (D:6)
  10 rats
  A fungus (Lair:6)
  5 plants
1022 creatures vanquished.

Vanquished Creatures (others)
  A death yak (IceCv)
  2 polar bears (IceCv)
  5 yaks (IceCv)
  4 wolves (IceCv)
  A centaur (D:10)
  A worker ant (D:7)
  An orc (D:4)
  A kobold (D:8)
  8 fulminant prisms
  16 fungi
  18 plants
58 creatures vanquished.

Grand Total: 1080 creatures vanquished

Notes
Turn   | Place    | Note
-------+----------+-------------------------------------------
     0 | D:1      | theElss the Deep Elf Conjurer began the quest for the Orb.
     0 | D:1      | Reached XP level 1. HP: 10/10 MP: 6/6
   189 | D:1      | Reached XP level 2. HP: 15/15 MP: 4/8
   193 | D:1      | Learned a level 2 spell: Searing Ray
   568 | D:1      | Reached skill level 5 in Conjurations
   857 | D:2      | Reached XP level 3. HP: 19/19 MP: 6/9
  1715 | D:2      | Reached XP level 4. HP: 24/24 MP: 7/12
  1821 | D:2      | Learned a level 4 spell: Iskenderun's Mystic Blast
  2317 | D:3      | Found a snail-covered altar of Cheibriados.
  2355 | D:3      | Noticed Sigmund
  2476 | D:3      | Reached XP level 5. HP: 28/28 MP: 5/13
  2542 | D:3      | Learned a level 5 spell: Iskenderun's Battlesphere
  2580 | D:3      | Noticed Jessica
  2583 | D:3      | Killed Jessica
  2583 | D:3      | Reached skill level 6 in Conjurations
  2591 | D:3      | Found a radiant altar of Vehumet.
  2600 | D:3      | Became a worshipper of Vehumet
  2705 | D:3      | Found a shadowy altar of Dithmenos.
  2738 | D:3      | Reached skill level 5 in Spellcasting
  3315 | D:4      | Noticed an ogre
  3351 | D:4      | Killed an ogre
  3351 | D:4      | Reached XP level 6. HP: 32/32 MP: 2/16
  3502 | D:4      | Noticed Eustachio
  3648 | D:4      | Killed Eustachio
  4222 | D:4      | Reached XP level 7. HP: 36/36 MP: 6/19
  4623 | D:5      | Entered Level 5 of the Dungeon
  4634 | D:5      | Reached skill level 7 in Conjurations
  4819 | D:5      | Reached * piety under Vehumet
  4819 | D:5      | Offered knowledge of Shock by Vehumet.
  5077 | D:5      | Reached skill level 1 in Armour
  5224 | D:5      | Reached skill level 1 in Shields
  5499 | D:5      | Found an opulent altar of Gozag.
  5574 | D:5      | Reached XP level 8. HP: 41/41 MP: 14/21
  5689 | D:5      | Found Gozag's Platinum Reserve.
  6033 | D:5      | Offered knowledge of Sting by Vehumet.
  6393 | D:6      | Reached ** piety under Vehumet
  6427 | D:6      | Reached skill level 5 in Shields
  6673 | D:6      | Found a staircase to the Ecumenical Temple.
  7189 | D:6      | Offered knowledge of Inner Flame by Vehumet.
  7715 | D:7      | Found a shimmering altar of Xom.
  7760 | D:7      | Learned a level 3 spell: Inner Flame
  7797 | D:7      | Found a shattered altar of Ashenzari.
  7797 | D:7      | Found a faded altar of an unknown god.
  7802 | D:7      | Found a basalt altar of Yredelemnul.
  7806 | D:7      | Found a glowing silver altar of Zin.
  7808 | D:7      | Found a faded altar of an unknown god.
  7841 | D:7      | Reached skill level 1 in Fire Magic
  7883 | D:7      | Reached *** piety under Vehumet
  7940 | D:7      | Found a hazy altar of Hepliaklqana.
  7952 | D:7      | Noticed a dagger
  7954 | D:7      | Noticed a hand axe
  7966 | D:7      | Reached XP level 9. HP: 33/46 MP: 13/22
  7967 | D:7      | Found a hide-covered altar of Uskayaw.
  8355 | D:7      | Found Fimpabb's Magic Scroll Shoppe.
  8366 | D:7      | Bought a scroll of immolation for 35 gold pieces
  8366 | D:7      | Bought a scroll of teleportation for 30 gold pieces
  8896 | D:8      | Reached skill level 8 in Conjurations
  8983 | D:8      | Offered knowledge of Airstrike by Vehumet.
  9300 | D:8      | Found an ancient bone altar of Kikubaaqudgha.
  9786 | D:8      | Reached skill level 9 in Conjurations
 10172 | D:8      | Found a runed door.
 10172 | D:8      | Noticed a freezing wraith
 10172 | D:8      | Noticed a deep troll
 10172 | D:8      | Noticed a komodo dragon
 10172 | D:8      | Noticed a yaktaur
 10172 | D:8      | a komodo dragon changed into a yaktaur
 10174 | D:8      | Noticed a centaur warrior
 10174 | D:8      | Noticed a seven-headed hydra
 10174 | D:8      | Noticed a centaur warrior
 10174 | D:8      | Noticed a deep elf archer
 10174 | D:8      | a yaktaur changed into a hornet
 10185 | D:8      | Noticed a guardian serpent
 10185 | D:8      | Noticed a polar bear
 10185 | D:8      | a hornet changed into a polar bear
 10189 | D:8      | a polar bear changed into a hog
 10304 | D:9      | Reached XP level 10. HP: 50/51 MP: 6/25
 10767 | D:9      | Reached skill level 5 in Fire Magic
 10911 | D:9      | Found an iron altar of Okawaru.
 11148 | D:10     | Entered Level 10 of the Dungeon
 11308 | D:10     | Learned a level 4 spell: Fulminant Prism
 11332 | D:10     | Reached **** piety under Vehumet
 11348 | D:10     | Reached skill level 10 in Conjurations
 11557 | D:10     | Reached skill level 5 in Dodging
 11562 | D:10     | Noticed Grum
 11563 | D:10     | Noticed Psyche
 11816 | D:10     | Killed Grum
 11816 | D:10     | Reached skill level 1 in Fighting
 11986 | D:10     | Cast into level 1 of the Abyss (Psyche)
 12020 | Abyss:1  | Noticed an orange demon
 12026 | Abyss:1  | Noticed a thrashing horror
 12077 | D:10     | Escaped the Abyss
 12081 | D:10     | Killed Psyche
 12083 | D:10     | Offered knowledge of Olgreb's Toxic Radiance by Vehumet.
 12260 | D:10     | Noticed an orange crystal statue
 12315 | D:10     | Reached skill level 5 in Stealth
 12519 | D:10     | Found a staircase to the Lair.
 12896 | D:3      | Killed Sigmund
 13098 | D:10     | Reached XP level 11. HP: 54/56 MP: 19/26
 13566 | D:11     | Noticed a hill giant
 13570 | D:11     | Killed a hill giant
 13722 | D:11     | Noticed a wizard
 13753 | D:11     | Killed a wizard
 13753 | D:11     | Reached skill level 11 in Conjurations
 13965 | D:11     | Reached ***** piety under Vehumet
 14113 | D:11     | Offered knowledge of Sticky Flame by Vehumet.
 14119 | D:11     | Learned a level 4 spell: Sticky Flame
 14272 | D:11     | Noticed a centaur warrior
 14318 | D:11     | Killed a centaur warrior
 14575 | D:11     | Noticed a hill giant
 14579 | D:11     | Killed a hill giant
 15124 | D:12     | Found a staircase to the Orcish Mines.
 15129 | D:12     | Reached skill level 12 in Conjurations
 15196 | D:12     | Noticed a hill giant
 15296 | D:11     | Reached skill level 10 in Spellcasting
 15476 | D:12     | Noticed a hill giant
 15480 | D:12     | Killed a hill giant
 15651 | D:12     | Noticed a five-headed hydra
 15661 | D:12     | Killed a five-headed hydra
 15880 | D:12     | Noticed a brown ugly thing
 15885 | D:12     | Killed a brown ugly thing
 15893 | D:12     | Killed a hill giant
 15893 | D:12     | Reached XP level 12. HP: 62/62 MP: 6/29
 15899 | D:12     | Paralysed by a hornet for 2 turns
 16582 | D:12     | Got a twisted great sword
 16588 | D:12     | Identified the +7 great sword of Dishonour {slice, rC+ MR++} (You found it on level 12 of the Dungeon)
 16989 | Lair:1   | Entered Level 1 of the Lair of Beasts
 17260 | Lair:1   | Noticed Nergalle
 17272 | Lair:1   | Reached skill level 13 in Conjurations
 17404 | Lair:1   | Killed Nergalle
 17821 | Lair:1   | Noticed Harold
 17825 | Lair:1   | Killed Harold
 18656 | Lair:2   | Offered knowledge of Iron Shot by Vehumet.
 18664 | Lair:2   | Learned a level 6 spell: Iron Shot
 18864 | Lair:2   | Found a staircase to the Shoals.
 19559 | Lair:2   | Reached skill level 14 in Conjurations
 20009 | Lair:3   | Reached XP level 13. HP: 65/66 MP: 26/32
 20473 | Lair:4   | Reached skill level 10 in Fire Magic
 21538 | Lair:4   | Offered knowledge of Bolt of Magma by Vehumet.
 21551 | Lair:4   | Learned a level 5 spell: Bolt of Magma
 21724 | Lair:4   | Reached skill level 15 in Spellcasting
 22586 | Lair:4   | Found a hole to the Spider Nest.
 22772 | Lair:4   | Reached skill level 15 in Conjurations
 23384 | Lair:5   | Found a viscous altar of Jiyva.
 24232 | Lair:5   | Found a staircase to the Slime Pits.
 24496 | Lair:6   | Entered Level 6 of the Lair of Beasts
 24555 | Lair:6   | Reached XP level 14. HP: 71/72 MP: 15/36
 25760 | Lair:6   | Reached skill level 16 in Conjurations
 27039 | Lair:6   | Got a heavily runed crystal plate armour
 27205 | Lair:6   | Identified the +7 crystal plate armour "Qaxa" {rElec Slay+3} (You found it on level 6 of the Lair of Beasts)
 27875 | D:13     | Offered knowledge of Poison Arrow by Vehumet.
 28489 | D:13     | Found a gate to the Vaults.
 28829 | D:13     | Found Onnuacut's Magic Scroll Shoppe.
 28837 | D:13     | Reached XP level 15. HP: 76/76 MP: 30/39
 28857 | D:13     | Bought a scroll of fog for 28 gold pieces
 28857 | D:13     | Bought a scroll of identify for 28 gold pieces
 28857 | D:13     | Bought a scroll of holy word for 105 gold pieces
 28947 | D:13     | Noticed Sonja
 28951 | D:13     | Killed Sonja
 29192 | D:14     | Learned a level 3 spell: Mephitic Cloud
 29469 | D:14     | Reached skill level 17 in Conjurations
 29698 | D:14     | Found a frozen archway.
 29709 | IceCv    | Entered an ice cave
 30022 | IceCv    | Got a pair of twisted boots
 30033 | IceCv    | Identified the +2 pair of boots of the Planets {rElec Int+2} (You found it in an ice cave)
 30975 | IceCv    | Noticed a frost giant
 30985 | IceCv    | Killed a frost giant
 32113 | D:14     | Offered knowledge of Spellforged Servitor by Vehumet.
 33279 | D:15     | Entered Level 15 of the Dungeon
 33387 | D:15     | Reached skill level 18 in Conjurations
 34487 | D:15     | Reached skill level 5 in Fighting
 34525 | D:15     | Found a staircase to the Depths.
 35320 | Orc:1    | Entered Level 1 of the Orcish Mines
 35320 | Orc:1    | Found a roughly hewn altar of Beogh.
 35320 | Orc:1    | Found Xeijeis's Assorted Antiques.
 35332 | Orc:1    | Reached XP level 16. HP: 88/88 MP: 18/41
 35453 | Orc:1    | Reached ****** piety under Vehumet
 36036 | Orc:1    | Offered knowledge of Conjure Ball Lightning by Vehumet.
 36060 | Orc:2    | Entered Level 2 of the Orcish Mines
 36155 | Orc:2    | Found Puynut's Antique Weapon Shoppe.
 36472 | Orc:2    | Found a staircase to the Elven Halls.
 36641 | Orc:2    | Noticed Rupert
 36647 | Orc:2    | Killed Rupert
 37737 | Orc:2    | Noticed Erolcha
 37793 | Orc:2    | Killed Erolcha
 38497 | Orc:2    | Found Lareilul's Food Emporium.
 38498 | Orc:2    | Found Qifissi's Magic Scroll Shoppe.
 38732 | Orc:2    | Bought 3 scrolls of blinking for 315 gold pieces
 38732 | Orc:2    | Bought a scroll of enchant armour for 105 gold pieces
 38848 | Orc:2    | Offered knowledge of Delayed Fireball by Vehumet.
 39985 | Orc:2    | Found Puta's Antique Armour Boutique.
 39985 | Orc:2    | Found Diuwowni's Book Shop.
 39985 | Orc:2    | Found a one-way gate leading to the halls of Pandemonium.
 39999 | Orc:2    | Learned a level 7 spell: Delayed Fireball
 40291 | Shoals:1 | Entered Level 1 of the Shoals
 41598 | Shoals:1 | Reached skill level 19 in Conjurations
 41645 | Shoals:1 | Noticed Josephine
 41946 | Shoals:1 | Killed Josephine
 42280 | Shoals:1 | Noticed Frances
 42622 | Shoals:1 | Killed Frances
 43253 | Shoals:2 | Reached XP level 17. HP: 25/100 MP: 12/42
 43799 | Shoals:2 | Found Keuvicsa's Gadget Emporium.
 44060 | Shoals:2 | Found Narop's Armour Emporium.
 44091 | Shoals:2 | Found Apnuricveg's Gadget Emporium.
 44208 | Shoals:2 | Found Bireugy's Antique Weapon Shop.
 44215 | Shoals:2 | Found Jarrunaq's Distillery.
 44278 | Shoals:2 | Bought 2 potions of resistance for 380 gold pieces
 44278 | Shoals:2 | Bought a potion of berserk rage for 95 gold pieces
 44278 | Shoals:2 | Bought a potion of invisibility for 152 gold pieces
 44341 | Shoals:2 | Reached skill level 20 in Conjurations
 44446 | Shoals:2 | Bought a wand of teleportation (3/9) for 210 gold pieces
 45052 | Shoals:3 | Noticed Polyphemus
 46148 | Shoals:3 | Killed Polyphemus
 46320 | Shoals:3 | HP: 5/100 [water nymph/the raging water (26)]
 46322 | Shoals:3 | Killed from afar by a water nymph

Skill      XL: |  1  2  3  4  5  6  7  8  9 10 11 12 13 14 15 16 17 |
---------------+----------------------------------------------------+-----
Conjurations   | 5 6 7 9 10 12 14 15 16 18 19 20 | 20.7
Spellcasting   | 4 5 6 7 9 11 13 16 18 19 | 19.0
Stealth        | 3 4 5 |  5.0
Dodging        | 3 4 8 |  8.0
Armour         | 1 2 4 |  4.0
Shields        | 3 6 |  6.0
Fire Magic     | 1 4 7 8 9 11 12 13 | 13.6
Fighting       | 1 2 5 9 |  9.0

Action                   |  1- 3 |  4- 6 |  7- 9 | 10-12 | 13-15 | 16-18 || total
-------------------------+-------+-------+-------+-------+-------+-------++-------
Melee: Dagger            |       |     6 |    65 |    66 |    39 |     8 ||   184
       Great sword       |       |       |       |    17 |    21 |     7 ||    45
 Cast: Magic Dart        |    82 |    71 |   168 |   169 |   171 |   190 ||   851
       Searing Ray       |     3 |     8 |    38 |    16 |     6 |     1 ||    72
       Iskenderun's Myst |       |    13 |    78 |   188 |   386 |   335 ||  1000
       Iskenderun's Batt |       |       |       |    70 |   135 |   112 ||   317
       Fulminant Prism   |       |       |       |     4 |     6 |       ||    10
       Sticky Flame      |       |       |       |    20 |    59 |     4 ||    83
       Bolt of Magma     |       |       |       |       |    47 |    45 ||    92
       Mephitic Cloud    |       |       |       |       |     2 |     3 ||     5
       Delayed Fireball  |       |       |       |       |       |     1 ||     1
  Use: Scroll            |       |       |    15 |     2 |     3 |     5 ||    25
       Potion            |       |       |       |       |     2 |     1 ||     3
 Stab: Distracted        |       |       |       |     1 |       |       ||     1
       Confused          |       |       |       |       |     1 |       ||     1
  Eat: Chunk             |     2 |    10 |    23 |    37 |    36 |    33 ||   141
       Fruit             |       |       |       |     4 |     4 |     1 ||     9
       Pizza             |       |       |       |     2 |     1 |     1 ||     4
       Royal jelly       |       |       |       |       |     1 |       ||     1
       Beef jerky        |       |       |       |       |     2 |       ||     2
Armor: Robe              |     1 |     6 |       |       |       |       ||     7
       Leather armour    |       |     3 |    24 |    46 |    71 |    32 ||   176
Dodge: Dodged            |     1 |    18 |    45 |   128 |   159 |    98 ||   449
Block: Buckler           |       |       |    32 |    67 |    54 |    14 ||   167
       Reflection        |       |       |     6 |     2 |     3 |     9 ||    20
       Other             |       |       |       |     3 |    13 |    15 ||    31
       Rpst.: Great sword |       |       |       |    11 |     9 |     8 ||    28
